 Dungeon Crawl Stone Soup version 0.19.1 (webtiles) character file.

80 danny2772 the Cudgeler (level 4, 0/35 HPs)
             Began as a Demonspawn Chaos Knight on Nov 27, 2016.
             Succumbed to a worker ant's poison
             ... on level 3 of the Dungeon.
             The game lasted 00:09:33 (2223 turns).

danny2772 the Cudgeler (Demonspawn Chaos Knight)    Turns: 2223, Time: 00:09:34

Health: 0/35       AC:  6    Str: 13    XL:     4   Next: 18%
Magic:  4/4        EV: 11    Int: 14    God:    Xom [..*...]
Gold:   81         SH:  0    Dex: 12    Spells: 0 memorised, 3 levels left

rFire  . . .     SeeInvis .     a - +1 mace (chaos)
rCold  . . .     Gourm    .     e - +0 ring mail
rNeg   . . .     Faith    .     (no shield)
rPois  .         Spirit   .     n - +0 helmet
rElec  .         Reflect  .     (no cloak)
rCorr  .         Harm     .     (no gloves)
MR     .....                    (no boots)
Stlth  +.........               (no amulet)
                                (no ring)
                                (no ring)

@: lethally poisoned (0 -> -5)
A: powered by pain 2
a: Renounce Religion


You were on level 3 of the Dungeon.
You worshipped Xom.
You were a toy of Xom.
You were not hungry.

You visited 1 branch of the dungeon, and saw 3 of its levels.

You collected 81 gold pieces.

Inventory:

Hand Weapons
 a - a +1 mace of chaos (weapon)
 d - a +0 spear
 t - a +0 war axe
Missiles
 c - 8 tomahawks (quivered)
Armour
 b - a +2 leather armour
 e - a +0 ring mail (worn)
 n - a +0 helmet (worn)
 p - a +0 robe
 q - a +0 ring mail
 u - a +0 robe
Jewellery
 s - an uncursed ring of flight {unknown}
Scrolls
 m - 3 scrolls of identify
Potions
 f - 2 potions of flight {unknown}
 i - a potion of agility {unknown}
 k - a potion of might {unknown}
 l - a potion of cure mutation {unknown}
 r - a potion of curing {unknown}
Comestibles
 o - a bread ration


   Skills:
 + Level 3.3 Fighting
 + Level 3.4 Maces & Flails
 + Level 2.5 Armour
 + Level 2.0 Dodging


You had 3 spell levels left.
You didn't know any spells.

Dungeon Overview and Level Annotations

Branches:
Dungeon (3/15)

Altars:


Innate Abilities, Weirdness & Mutations

You sometimes gain power by taking damage.


Message History

* * * LOW HITPOINT WARNING * * *
You are lethally poisoned!
The worker ant poisons you! The worker ant barely misses you.
As you read the scroll labeled POENEY ESAPP, it crumbles to dust.
It is a scroll of identify.
Really abort (and waste the scroll)? [Y]es or [N]o only, please.
Really abort (and waste the scroll)?
Uppercase [Y]es or [N]o only, please.
Really abort (and waste the scroll)?
d - a +0 spear
* * * LOW HITPOINT WARNING * * *
You feel sick.
Xom's power almost touches on you for a moment.
The world appears momentarily distorted!
The worker ant bites you but does no damage.
You closely miss the worker ant.
The worker ant is almost dead.
You die...
Xom howls with laughter!

#..# # ##
#..## . ..
##...## #.#.
..... #.#.
#... ... ..#
#.####.###.#
#...@a.....#
######+#####


You could see a worker ant.

Vanquished Creatures
  Robin (D:2)
  3 adders (D:2)
  3 leopard geckos
  15 goblins
  2 hobgoblins
  2 kobolds (D:2)
  A ball python (D:1)
  5 bats
  5 frilled lizards
  3 rats
  5 toadstools (D:1)
45 creatures vanquished.

Vanquished Creatures (others)
  A dart slug (D:2)
1 creature vanquished.

Grand Total: 46 creatures vanquished

Notes
Turn   | Place    | Note
-------+----------+-------------------------------------------
     0 | D:1      | danny2772 the Demonspawn Chaos Knight began the quest for the Orb.
     0 | D:1      | Reached XP level 1. HP: 18/18 MP: 1/1
    66 | D:1      | XOM: potion effect (agility)
   172 | D:1      | XOM: divination: magic mapping
   570 | D:1      | XOM: harmless Fire miscast
   645 | D:1      | XOM: potion effect (agility)
   718 | D:1      | Gained mutation: You sometimes gain a little power by taking damage. [demonic ancestry]
   718 | D:1      | Reached XP level 2. HP: 24/24 MP: 2/2
   741 | D:1      | XOM: divination: magic mapping
   822 | D:1      | XOM: harmless Pois miscast
   875 | D:1      | Reached skill level 1 in Dodging
  1361 | D:2      | Found a faded altar of an unknown god.
  1416 | D:2      | XOM: smoke on damage
  1420 | D:2      | Gained mutation: You sometimes gain power by taking damage. [demonic ancestry]
  1420 | D:2      | Reached XP level 3. HP: 28/29 MP: 3/3
  1522 | D:2      | Noticed Robin
  1527 | D:2      | XOM: divination: detect creatures
  1529 | D:2      | Killed Robin
  1658 | D:2      | XOM: silly message
  1886 | D:2      | Reached XP level 4. HP: 33/35 MP: 4/4
  2181 | D:3      | XOM: potion effect (heal wounds)
  2220 | D:3      | XOM: harmless Chrm miscast
  2222 | D:3      | HP: 1/35 [poisoned by a worker ant]
  2222 | D:3      | XOM: harmless Tloc miscast
  2223 | D:3      | Succumbed to a worker ant's poison

Skill      XL: |  1  2  3  4 |
---------------+-------------+-----
Armour         | 2 |  2.5
Dodging        | 1 2 |  2.0
Maces & Flails | 3 |  3.4
Fighting       | |  3.3

Action                   |  1- 3 |  4- 6 || total
-------------------------+-------+-------++-------
Melee: Mace              |   116 |    29 ||   145
  Use: Scroll            |     1 |     4 ||     5
  Eat: Bread ration      |     1 |       ||     1
Armor: Leather armour    |    86 |       ||    86
       Ring mail         |     4 |    14 ||    18
Dodge: Dodged            |   114 |    24 ||   138
